AoeStats
← tilmanv

Pilgrims

508962264Analyzed
4v4 RM · 9d ago on Sep 24, 2026· 43m 17s· 8 players
Game mode
Random Map
Map size
Large (8 player)
Population
200
Speed
Normal
Resources
Standard
Victory
Conquest
Starting age
Dark Age
Ending age
Imperial Age
RankedLock teamsTeams togetherTeam positionsShared explorationLock speedFull tech treeHidden civsTurbo modeCheats
Victory
Defeat
🇺🇸 Varangians · United States
1046
+15
🇲🇽 Chinese · Mexico
1028
+16
🇫🇷 Malay · France
974
+18
🇨🇱 Burgundians · Chile
934
+19
🇪🇸 Goths · Spain
1069
-19
🇪🇸 Varangians · Spain
1016
-17
🇩🇪 Dravidians · Germany
1009
-17
🇪🇸 Franks · Spain
965
-15
tilmanv
5:45 Loom
16:03 Feudal Age
16:34 Double-Bit Axe
17:26 Wheelbarrow
17:54 Gold Mining
18:42 Fletching
21:42 Castle Age
20:45 Stone Mining
22:37 Medium Warships
22:42 Bow Saw
22:52 Bodkin Arrow
23:16 Hand Cart
27:44 Demolition Ship
29:34 Pikeman
30:15 Squires
30:00 Arson
38:08 Imperial Age
38:12 Heavy Demolition Ship
38:47 Horse Collar
38:41 Halberdier
38:42 Man-at-Arms
39:08 Gambesons
39:57 Bracer
40:33 Heavy Warships
40:00 Heavy Demolition Ship
41:43 Long Swordsman
42:09 Gambesons
Cosechador de almas
5:28 Loom
13:39 Feudal Age
17:44 Double-Bit Axe
22:21 Castle Age
22:39 Horse Collar
28:13 Masonry
28:50 Bow Saw
28:15 Pikeman
28:55 Squires
34:31 Forging
34:21 Scale Mail Armor
34:12 Fletching
34:56 Anarchy
39:20 Imperial Age
38:31 Heavy Plow
39:22 Iron Casting
39:03 Chain Mail Armor
38:43 Bodkin Arrow
40:19 Wheelbarrow
40:06 Perfusion
40:12 Perfusion
40:33 Conscription
39:34 Elite Huskarl
Kaede
12:06 Loom
14:26 Feudal Age
15:47 Wheelbarrow
15:17 Double-Bit Axe
24:07 Castle Age
23:00 Scale Barding Armor
23:07 Forging
25:22 Medium Warships
26:17 Husbandry
27:30 Bow Saw
27:48 Chain Barding Armor
28:04 Iron Casting
27:27 Gold Mining
29:01 Gold Shaft Mining
32:35 Hand Cart
Elamb
10:29 Loom
12:53 Feudal Age
13:32 Fishing Lines
13:41 Arson
13:17 Man-at-Arms
14:11 Town Watch
17:33 Forging
17:25 Scale Mail Armor
17:13 Double-Bit Axe
20:38 Castle Age
20:21 Scale Barding Armor
21:43 Bow Saw
21:56 Bloodlines
21:52 Husbandry
25:48 Chain Barding Armor
27:38 Iron Casting
28:22 Horse Collar
29:11 Fletching
30:41 Wheelbarrow
32:09 Bodkin Arrow
33:05 Wheelbarrow
34:03 Masonry
34:27 Gillnets
42:32 Wheelbarrow
Age_of_Empires
3:45 Loom
13:54 Feudal Age
14:58 Double-Bit Axe
15:27 Fishing Lines
19:20 Castle Age
17:16 Stone Mining
17:18 Gold Mining
18:00 Fletching
25:05 Imperial Age
23:09 Bodkin Arrow
26:51 Wheelbarrow
26:03 Town Watch
26:36 Bracer
27:52 Thumb Ring
30:20 Ballistics
31:01 Chemistry
32:08 Gillnets
33:12 Horse Collar
35:27 Padded Archer Armor
35:41 Masonry
35:33 Squires
35:19 Arson
35:10 Elite Chu Ko Nu
36:17 Hand Cart
36:16 Bow Saw
42:00 Conscription
42:55 Leather Archer Armor
42:42 Murder Holes
King of the Noobs
8:09 Loom
11:18 Feudal Age
12:09 Fishing Lines
12:52 Gold Mining
15:07 Man-at-Arms
19:00 Castle Age
17:10 Double-Bit Axe
17:49 Stone Mining
18:21 Fletching
18:50 Scale Mail Armor
20:03 Wheelbarrow
19:48 Squires
20:06 Bow Saw
21:53 Chain Mail Armor
24:53 Scale Barding Armor
24:50 Gillnets
25:24 Bodkin Arrow
28:28 Chain Barding Armor
29:00 Forging
29:21 Horse Collar
31:10 Iron Casting
32:16 Hand Cart
32:53 Arson
34:54 Stone Shaft Mining
35:07 Town Watch
38:04 Imperial Age
38:45 Elite Varangian Guard
38:56 Capped Ram
40:49 Plate Mail Armor
41:20 Blast Furnace
40:48 Heavy Plow
40:26 Gothikon
42:44 Bracer
Bug Spencer
9:35 Loom
11:49 Feudal Age
15:43 Castle Age
13:37 Double-Bit Axe
13:55 Fletching
14:07 Gold Mining
14:19 Horse Collar
14:57 Fishing Lines
15:08 Town Watch
17:12 Wheelbarrow
17:03 Bodkin Arrow
17:23 Medium Warships
17:04 Gillnets
22:42 Heavy Plow
22:53 Bow Saw
26:58 Treadmill Crane
27:28 Clinker Construction
27:33 Careening
29:49 Hand Cart
32:36 Imperial Age
33:16 Heavy Warships
33:13 Carvel Hull
33:14 Dry Dock
33:07 Siphons
33:32 Guilds
36:17 Conscription
36:02 Thalassocracy
36:16 Forging
36:08 Squires
35:53 Arson
35:30 Man-at-Arms
35:30 Pikeman
37:56 Iron Casting
36:42 Elite Karambit Warrior
42:06 Blast Furnace
41:08 Bracer
40:32 Long Swordsman
41:39 Demolition Ship
42:46 Shipwright
42:46 Forced Levy
GERMANICO7222
5:25 Double-Bit Axe
11:49 Loom
15:15 Feudal Age
13:52 Gold Mining
14:37 Fishing Lines
18:12 Fishing Lines
19:28 Gillnets
22:26 Bow Saw
22:55 Gold Shaft Mining
25:03 Castle Age
26:47 Wheelbarrow
25:47 Cavalier
26:28 Husbandry
26:39 Scale Barding Armor
26:44 Forging
26:35 Scale Mail Armor
29:27 Light Cavalry
34:15 Two-Man Saw
34:24 Iron Casting
34:10 Chain Barding Armor
36:15 Hand Cart
35:46 Town Watch
40:01 Horse Collar
40:49 Burgundian Vineyards
44:34 Imperial Age
Connection lost

Rejoining the realm…

Still unreachable

The connection could not be restored.

Session expired

The server has moved on; the page needs a fresh start.